AoeStats
← alexisoutch

MegaRandom

509911209Analyzed
3v3 RM · 4d ago on Sep 28, 2026· 38m 16s· 6 players
Game mode
Random Map
Map size
Normal (6 player)
Population
200
Speed
Normal
Resources
Standard
Victory
Conquest
Starting age
Dark Age
Ending age
Imperial Age
RankedLock teamsTeams togetherTeam positionsShared explorationLock speedFull tech treeHidden civsTurbo modeCheats
Victory
Defeat
🇪🇸 Mongols · Spain
1357
+8
🇻🇪 Varangians · Venezuela
1245
+12
🇨🇴 Romans · Colombia
1015
+22
🇫🇷 Japanese · France
1183
-15
🇬🇧 Lithuanians · United Kingdom
1174
-15
🇫🇷 Italians · France
1117
-12
Novax
10:30 Feudal Age
8:52 Loom
10:48 Man-at-Arms
11:42 Double-Bit Axe
15:07 Wheelbarrow
20:37 Castle Age
27:20 Fishing Lines
32:21 Fishing Lines
36:06 Horse Collar
37:18 Gold Mining
37:44 Bow Saw
38:20 Fletching
Manoow
9:06 Loom
10:51 Feudal Age
11:58 Double-Bit Axe
14:31 Fletching
14:41 Padded Archer Armor
27:13 Castle Age
25:50 Wheelbarrow
25:08 Gold Mining
26:12 Stone Mining
26:03 Horse Collar
27:16 Crossbowman
27:53 Bodkin Arrow
28:19 Thumb Ring
33:34 Leather Archer Armor
36:57 Ballistics
alexisoutch
8:05 Loom
11:23 Feudal Age
14:24 Wheelbarrow
13:46 Double-Bit Axe
17:04 Castle Age
16:02 Horse Collar
26:05 Bloodlines
26:45 Medium Warships
27:25 Forging
31:27 Iron Casting
30:57 Scale Barding Armor
33:53 Fletching
34:49 Chain Barding Armor
34:38 Husbandry
Matasariano9065
8:40 Feudal Age
6:58 Loom
9:27 Double-Bit Axe
18:09 Fletching
22:45 Castle Age
21:07 Horse Collar
22:17 Padded Archer Armor
23:50 Bodkin Arrow
24:25 Medium Warships
29:55 Ballistics
30:16 Thumb Ring
31:21 Leather Archer Armor
33:58 Wheelbarrow
33:09 Town Watch
33:06 Demolition Ship
37:33 Imperial Age
35:44 Bow Saw
37:02 Careening
37:04 Clinker Construction
39:17 Chemistry
38:26 Bracer
39:11 Heavy Warships
tonydf3
9:05 Feudal Age
14:20 Castle Age
35:28 Imperial Age
32:45 Loom
32:47 Town Watch
34:12 Ballistics
aurelio
2:45 Loom
9:16 Feudal Age
10:03 Double-Bit Axe
14:30 Scale Barding Armor
15:09 Bloodlines
15:53 Forging
23:19 Castle Age
21:26 Horse Collar
21:36 Gold Mining
24:11 Husbandry
24:33 Chain Barding Armor
24:49 Iron Casting
27:19 Bow Saw
Connection lost

Rejoining the realm…

Still unreachable

The connection could not be restored.

Session expired

The server has moved on; the page needs a fresh start.